 Dungeon Crawl Stone Soup version 0.28.0 (webtiles) character file.

Game seed: 12670999013380474115

3194 RepoMan the Covert (level 9, -11/43 HPs)
             Began as a Vine Stalker Delver on Feb 10, 2022.
             Mangled by a two-headed ogre (21 damage)
             ... on level 7 of the Dungeon.
             The game lasted 01:09:46 (6084 turns).

RepoMan the Covert (Vine Stalker Delver)            Turns: 6084, Time: 01:09:46

Health: -11/43     AC:  8    Str: 15    XL:     9   Next: 96%
Magic:  0/10       EV: 12    Int: 12    God:
Gold:   461        SH:  0    Dex: 24    Spells: 8/8 levels left

rFire   . . .      SeeInvis .   d - +2 dagger (protect)
rCold   . . .      Faith    .   (no shield)
rNeg    . . .      Spirit   +   z - +0 steam dragon scales
rPois   .          Reflect  .   B - +0 helmet
rElec   .          Harm     .   J - +0 cloak
rCorr   .          Rampage  .   x - +0 pair of gloves
Will    +....                   (no boots)
Stlth   ++++++....              (no amulet)
HPRegen 0.94/turn               i - ring of flight
MPRegen 0.12/turn               e - +6 ring of dexterity

@: flying, hasted, very quick
A: fangs 3, regeneration 1, magic shield, antimagic bite, no potion heal 2
a: no special abilities


You were on level 7 of the Dungeon.
You visited 2 branches of the dungeon, and saw 9 of its levels.

You collected 461 gold pieces.

Inventory:

Hand Weapons
 d - a +2 dagger of protection (weapon)
 p - a +0 whip of venom
 r - a +0 rapier of electrocution
Missiles
 l - 218 stones
 t - 3 curare-tipped darts
 w - 2 atropa-tipped darts
 A - 2 poisoned darts (quivered)
 D - 2 javelins
Armour
 x - a +0 pair of gloves (worn)
 y - the +7 chain mail of Hide-and-Seek {rElec rPois rF+ Str-5}
   (You found it on level 4 of the Dungeon)

   Str:       It affects your strength (-5).
   rF:        It protects you from fire.
   rElec:     It insulates you from electricity.
   rPois:     It protects you from poison.
 z - +0 steam dragon scales (worn)
 B - a +0 helmet (worn)
 G - an orb of guile
 J - a +0 cloak (worn)
 K - the +1 chain mail of Cuepih {rF- rC+++ Will+++ Regen+}
   (You found it on level 7 of the Dungeon)

   rF:        It makes you vulnerable to fire.
   rC:        It renders you almost immune to cold.
   Regen:     It increases your rate of health regeneration.
   Will:      It greatly increases your willpower.
Jewellery
 e - a +6 ring of dexterity (right hand)
 i - a ring of flight (left hand)
 H - a ring of protection from fire
Wands
 g - a wand of digging (3)
 h - a wand of flame (12)
 u - a wand of polymorph (16)
 F - a wand of iceblast (4)
Scrolls
 b - 3 scrolls of noise {unknown}
 c - a scroll of fog
 j - 7 scrolls of teleportation {unknown}
 k - 7 scrolls of identify {unknown}
 q - 2 scrolls of enchant armour {unknown}
 s - 2 scrolls of immolation
 v - a scroll of brand weapon {unknown}
 C - a scroll of silence {unknown}
 E - a scroll of enchant weapon {unknown}
 I - a scroll of torment {unknown}
Potions
 a - a potion of magic {unknown}
 m - a potion of mutation {unknown}
 n - 2 potions of curing {unknown}
 o - a potion of heal wounds {unknown}


   Skills:
 - Level 2.6 Fighting
 + Level 7.6 Short Blades
 + Level 6.7 Throwing
 - Level 1.5 Dodging
 + Level 12.1 Stealth


You had 8 spell levels left.
You didn't know any spells.
Your spell library contained the following spells:

 Spells                   Type           Power      Damage    Failure   Level
 Dazzling Flash           Conj/Hex       0%         N/A       69%         3
 Stone Arrow              Conj/Erth      0%         3d7       69%         3
 Animate Armour           Summ/Erth      0%         N/A       97%         4
 Iskenderun's Mystic Bla  Conj/Tloc      0%         2d3       97%         4
 Leda's Liquefaction      Hex/Erth       0%         N/A       97%         4
 Lee's Rapid Deconstruct  Erth           0%         3d5*      100%        5
 Summon Forest            Summ/Tloc      0%         N/A       100%        5
 Eringya's Noxious Bog    Tmut/Pois      0%         N/A       100%        6
 Starburst                Conj/Fire      0%         6d3       100%        6
 Statue Form              Tmut/Erth      0%         N/A       100%        6
 Summon Hydra             Summ           0%         N/A       100%        7
 Lehudib's Crystal Spear  Conj/Erth      0%         10d2      100%        8


Dungeon Overview and Level Annotations

Branches:
Dungeon (8/15)             Temple (1/1) D:7
   Lair: D:8-11

Altars:
Ashenzari
Dithmenos
Elyvilon
Gozag
Hepliaklqana
Makhleb
Nemelex Xobeh
Qazlal
Ru
Trog
Yredelemnul
Zin

Annotations:
D:4 Sigmund
D:7 exclusion: 2 doors


Innate Abilities, Weirdness & Mutations

You have razor-sharp teeth.
Your natural rate of healing is unusually fast.
When hurt, damage is shared between your health and your magic reserves.
Your bite disrupts and absorbs the magic of your enemies.
Potions cannot restore your health.


Message History

The howler monkey is severely wounded.
The howler monkey completely misses you.
You hit the howler monkey.
Lightning courses through the howler monkey!
You kill the howler monkey!
You see here a howler monkey corpse.
k - 7 scrolls labelled SUAPTO KUAM (gained 1)
Found an escape hatch in the floor.
There is an escape hatch in the floor here.
Done exploring.
Your +0 rapier of electrocution stops crackling.
Your +2 dagger of protection hums with potential!
d - a +2 dagger of protection (weapon)
There is an escape hatch in the floor here.
There is a stone staircase leading up here.
There is a stone staircase leading down here.
You fly downwards.
The two-headed ogre shouts in stereo!
Found a whip, 18 stones and 14 gold pieces.
There is a stone staircase leading up here.
The two-headed ogre hits you with a +0 dire flail!
The two-headed ogre hits you with a +0 giant club!!
* * * LOW HITPOINT WARNING * * *
You fly upwards.
Level annotation: exclusion: 2 doors
There is a stone staircase leading down here.
Okay, then.
Unknown command.
Aiming: Polymorph
Press: ? - help, Shift-Dir - straight line, f - two-headed ogre
Aim: a two-headed ogre, wielding a +0 dire flail and a +0 giant club (will become a shining eye, a snapping turtle, or a water nymph, chance to affect: 31%)
Okay, then.
Unknown command.
Unknown command.
Okay, then.
You feel yourself speed up.
The two-headed ogre hits you with a +0 dire flail.
* * * LOW HITPOINT WARNING * * *
The two-headed ogre hits you with a +0 giant club!!
You die...

.#.#.# #.# #.##.#
.....# #.# #.##.#
.#.#####.## #.##.#
##.####...###.##.#
..............##.#
##.####...######.#
#.# ##.## #.# ##.#
#.# #.# <..#
#.#######@# ####
#.......O>#
#.#########
#.#######
#.......#
#.#####<# #.## #.#
#..# #.# # ##.#
#.#


You could see a two-headed ogre.

Vanquished Creatures
  A slime creature (D:7)
  2 wyverns (D:7)
  A steam dragon (D:7)
  A basilisk (D:7)
  A water moccasin (D:7)
  Edmund (D:6)
  Menkaure (D:6)
  Duvessa (D:4)
  2 sky beasts (D:6)
  2 ice beasts
  A black bear (D:7)
  3 ogres (D:6)
  A phantom (D:5)
  A bullfrog (D:7)
  5 scorpions
  A wyvern skeleton (D:6)
  A water moccasin skeleton (D:7)
  A bullfrog zombie (D:6)
  4 howler monkeys (D:7)
  2 hounds
  A jelly (D:5)
  2 bullfrog skeletons
  4 iguanas
  2 orc wizards
  A howler monkey zombie (D:6)
  6 gnolls
  7 adders
  4 shadow imps
  4 ufetubi
  A dart slug (D:4)
  21 orcs
  4 ball pythons
  5 bats
  9 endoplasms
  2 giant cockroaches
  6 goblins
  9 hobgoblins
  2 jackals (D:4)
  9 kobolds
  5 quokkas
  2 frilled lizards
  6 rats
145 creatures vanquished.

Notes
Turn   | Place    | Note
-------+----------+-------------------------------------------
     0 | D:5      | RepoMan the Vine Stalker Delver began the quest for the
                  | Orb.
     0 | D:5      | Reached XP level 1. HP: 11/11 MP: 2/2
     8 | D:5      | Noticed a phantom
    15 | D:4      | Noticed an orc wizard
   734 | D:2      | Reached XP level 2. HP: 16/16 MP: 3/3
  1376 | D:1      | Reached XP level 3. HP: 19/19 MP: 4/4
  1685 | D:1      | Found a faded altar of an unknown god.
  2563 | D:3      | Reached skill level 7 in Stealth
  2563 | D:3      | Gained mutation: Your natural rate of healing is unusually
                  | fast. [Vine Stalker growth]
  2563 | D:3      | Reached XP level 4. HP: 23/23 MP: 5/5
  2977 | D:4      | Identified the +7 chain mail of Hide-and-Seek {rElec rPois
                  | rF+ Str-5}
  3183 | D:4      | Reached XP level 5. HP: 27/27 MP: 4/6
  3257 | D:4      | Noticed Duvessa
  3317 | D:4      | Killed Duvessa
  3318 | D:4      | Reached skill level 1 in Throwing
  3318 | D:4      | Reached XP level 6. HP: 32/32 MP: 7/7
  3318 | D:4      | Noticed Dowan
  3321 | D:4      | Noticed Dowan
  3321 | D:4      | Dowan changed into Dowan the goblin
  3324 | D:4      | Killed Dowan the goblin
  3356 | D:4      | Reached skill level 8 in Stealth
  3372 | D:4      | Noticed Sigmund
  3647 | D:5      | Reached XP level 7. HP: 35/35 MP: 8/8
  4104 | D:5      | Reached skill level 9 in Stealth
  4208 | D:6      | Noticed Edmund
  4231 | D:6      | Killed Edmund
  4232 | D:6      | Reached skill level 5 in Short Blades
  4412 | D:6      | Gained mutation: You have razor-sharp teeth. [Vine Stalker
                  | growth]
  4412 | D:6      | Reached XP level 8. HP: 39/39 MP: 9/9
  4607 | D:6      | Noticed Menkaure
  4625 | D:6      | Reached skill level 10 in Stealth
  4653 | D:6      | Killed Menkaure
  4887 | D:6      | Reached skill level 5 in Throwing
  4989 | D:6      | Reached XP level 9. HP: 43/43 MP: 10/10
  5074 | D:7      | Reached skill level 11 in Stealth
  5145 | D:7      | Found a staircase to the Ecumenical Temple.
  5155 | Temple   | Entered the Ecumenical Temple
  5860 | D:7      | Reached skill level 12 in Stealth
  5860 | D:7      | Identified the +1 chain mail of Cuepih {rF- rC+++ Will+++
                  | Regen+}
  6080 | D:8      | Noticed a two-headed ogre
  6084 | D:7      | Mangled by a two-headed ogre

Illustrated notes

Levels and vault maps discovered:
D:1:      minmay_arrival_hallway, layout_loops_ring,
          hellmonk_ecumenical_altar_blasted
D:2:      layout_basic
D:3:      layout_loops_cross
D:4:      layout_basic, uniq_sigmund, uniq_duvessa
D:5:      layout_rooms
D:6:      kennysheep_six_static_rooms, layout_basic, kennysheep_generic_room_6,
          uniq_menkaure, uniq_edmund
D:7:      minmay_chambers_of_sixes, layout_loops_ring, minmay_temple_entry_grid,
          minmay_small_thing
D:8:      layout_rooms, nicolae_elevator_lobby_plus, uniq_grum
Temple:   chequers_temple_sunken

Skill      XL: |  1  2  3  4  5  6  7  8  9 |
---------------+----------------------------+-----
Short Blades   | 2 3 4 5 6 7 |  7.6
Stealth        | 7 8 9 10 12 | 12.1
Throwing       | 1 2 3 5 6 |  6.7
Fighting       | |  2.6
Dodging        | |  1.5

Action                   |  1- 3 |  4- 6 |  7- 9 || total
-------------------------+-------+-------+-------++-------
Melee: Short sword       |    61 |       |       ||    61
       Bite              |    20 |    23 |    53 ||    96
       Punch             |     1 |     1 |     1 ||     3
       Dagger            |    37 |    76 |    25 ||   138
       Rapier            |       |     7 |   142 ||   149
       Whip              |       |     5 |       ||     5
Throw: Dart              |    15 |    52 |    24 ||    91
       Stone             |     2 |     9 |     8 ||    19
       Javelin           |       |       |     1 ||     1
Evoke: Wand              |       |     1 |     3 ||     4
  Use: Scroll            |     1 |       |     1 ||     2
       Potion            |       |       |     1 ||     1
 Stab: Sleeping          |    20 |     5 |    15 ||    40
       Distracted        |     1 |       |     2 ||     3
       Invisible         |       |       |     1 ||     1
Armor: Leather armour    |    14 |     9 |       ||    23
       Steam dragon scal |       |    29 |    42 ||    71
Dodge: Dodged            |    25 |    48 |    55 ||   128
